 Dungeon Crawl Stone Soup version 0.24.0-37-gcf1ca852f1 (webtiles) character file.

Game seed: 380766803614024765, levelgen mode: deterministic

74 Gabide the Bolt Thrower (level 4, -1/32 HPs)
             Began as a Human Wanderer on Dec 5, 2019.
             Was an Initiate of Vehumet.
             Slain by Ijyb
             ... wielding a +0 club
              (2 damage)
             ... on level 3 of the Dungeon.
             The game lasted 00:07:18 (1924 turns).

Gabide the Bolt Thrower (Human Wanderer)            Turns: 1924, Time: 00:07:19

Health: -1/32      AC:  2    Str: 10    XL:     4   Next: 52%
Magic:  7/9        EV: 12    Int: 13    God:    Vehumet [......]
Gold:   103        SH:  0    Dex: 15    Spells: 0/9 levels left

rFire    . . .     SeeInvis .   a - +0 hand crossbow
rCold    . . .     Gourm    .   (no shield)
rNeg     . . .     Faith    .   e - +0 robe
rPois    .         Spirit   .   (no helmet)
rElec    .         Reflect  .   (no cloak)
rCorr    .         Harm     .   (no gloves)
MR       .....                  (no boots)
Stlth    ++........             (no amulet)
HPRegen  0.10/turn              (no ring)
MPRegen  0.11/turn              (no ring)

@: no status effects
A: no striking features
a: Renounce Religion


You were on level 3 of the Dungeon.
You worshipped Vehumet.
Vehumet was noncommittal.
You were not hungry.

You visited 1 branch of the dungeon, and saw 3 of its levels.

You collected 103 gold pieces.

Inventory:

Hand Weapons
 a - a +0 hand crossbow (weapon)
 f - a +0 dagger
Armour
 e - a +0 robe (worn)
 i - a +0 leather armour
Jewellery
 h - an uncursed amulet of faith
Wands
 b - a wand of acid (11)
Potions
 k - a potion of brilliance {unknown}
 m - a potion of degeneration {unknown}
Comestibles
 g - 2 rations
 j - a chunk of flesh


   Skills:
 - Level 1.0 Fighting
 + Level 3.9 Crossbows
 - Level 1.0 Armour
 * Level 1.0 Dodging
 + Level 2.1 Stealth
 + Level 3.4 Spellcasting
 * Level 1.7 Conjurations


You couldn't memorise any spells.
You knew the following spells:

 Your Spells              Type           Power        Failure   Level  Hunger
a - Magic Dart            Conj           #...         11%         1    #......
b - Blink                 Tloc           N/A          32%         2    ##.....
c - Conjure Flame         Conj/Fire      #.......     43%         3    ###....
d - Mephitic Cloud        Conj/Pois/Air  #.......     45%         3    ###....

Your spell library contained the following spells:

 Spells                   Type           Power        Failure   Level  Hunger
 Call Imp                 Summ           #.......     32%         2    ##.....
 Slow                     Hex            #.......     32%         2    ##.....


Dungeon Overview and Level Annotations

Branches:
Dungeon (3/15)

Altars:
Vehumet

Annotations:
D:3 Ijyb


Message History

You shoot a bolt. The bolt hits Ijyb but does no damage.
Ijyb is almost dead.
Ijyb closely misses you. The hobgoblin barely misses you.
Firing (i - inventory) No suitable missiles.
Press: ? - help, Shift-Dir - straight line, f/p - Ijyb
Aim: Ijyb, wielding a +0 club and wearing a +0 chain mail (almost dead)
Okay, then.
Firing (i - inventory) No suitable missiles.
Press: ? - help, Shift-Dir - straight line, f/p - Ijyb
Aim: Ijyb, wielding a +0 club and wearing a +0 chain mail (almost dead)
Okay, then.
Casting: Magic Dart (safe; 11% risk of failure)
Confirm with . or Enter, or press ? or * to list all spells.
Aiming: Magic Dart (safe; 11% risk of failure)
Press: ? - help, Shift-Dir - straight line, f/p - Ijyb
Aim: Ijyb, wielding a +0 club and wearing a +0 chain mail (almost dead)
The magic dart hits Ijyb but does no damage.
Ijyb is almost dead.
Ijyb hits you with a +0 club.
You die...

#####.####.########
#.# ...# .
#.####.).......
.... #.
#.......####### .#
######.## # #.# #.#
.## #.# #...#
#.#######......
#(..(.g@g.#
#...########
.....#.# #....#..
#..<.####. ..... .
..... # .(..


You could see Ijyb and a hobgoblin.

Vanquished Creatures
  3 adders
  3 worms (D:2)
  A dart slug (D:3)
  An orc (D:3)
  6 bats
  A giant cockroach (D:1)
  5 goblins
  2 jackals (D:3)
  5 kobolds
  A quokka (D:3)
  5 frilled lizards
  4 rats (D:1)
37 creatures vanquished.

Notes
Turn   | Place    | Note
-------+----------+-------------------------------------------
     0 | D:1      | Gabide the Human Wanderer began the quest for the Orb.
     0 | D:1      | Gabide set off with the following items: a +0 hand
                  | crossbow, 23 bolts, a potion of curing, a +0 robe, a +0
                  | dagger, a ration; and the following spell memorised: Magic
                  | Dart; and the following spells available to memorise:
                  | Blink, Call Imp, Slow, Conjure Flame, Mephitic Cloud
     0 | D:1      | Reached XP level 1. HP: 15/15 MP: 4/4
    93 | D:1      | Reached XP level 2. HP: 21/21 MP: 0/6
   451 | D:1      | Learned a level 2 spell: Blink
   768 | D:2      | Reached XP level 3. HP: 26/26 MP: 2/7
   790 | D:2      | Learned a level 3 spell: Conjure Flame
   830 | D:2      | Reached skill level 1 in Conjurations
  1455 | D:2      | Reached XP level 4. HP: 27/32 MP: 3/9
  1506 | D:2      | Learned a level 3 spell: Mephitic Cloud
  1511 | D:2      | Found a radiant altar of Vehumet.
  1515 | D:2      | Became a worshipper of Vehumet
  1894 | D:3      | Reached skill level 1 in Dodging
  1895 | D:3      | Noticed Ijyb
  1898 | D:3      | Paralysed by Ijyb for 5 turns
  1920 | D:3      | HP: 1/32 [Ijyb/+0 club (1)]
  1924 | D:3      | Slain by Ijyb

Levels and vault maps discovered:
D:1:      minmay_arrival_nine_rooms, layout_rooms
D:2:      layout_loops_cross, lemuel_crystal_altar
D:3:      layout_loops_ring, uniq_ijyb

Skill      XL: |  1  2  3  4 |
---------------+-------------+-----
Conjurations   | 1 |  1.7
Dodging        | 1 |  1.0
Fighting       | |  1.0
Crossbows      | |  3.9
Armour         | |  1.0
Stealth        | |  2.1
Spellcasting   | |  3.4

Action                   |  1- 3 |  4- 6 || total
-------------------------+-------+-------++-------
Melee: Dagger            |       |     9 ||     9
 Fire: Hand crossbow     |    41 |    35 ||    76
 Cast: Magic Dart        |    52 |    17 ||    69
Evoke: Wand              |     1 |       ||     1
  Use: Scroll            |     1 |     1 ||     2
       Potion            |       |     1 ||     1
  Eat: Chunk             |     2 |     2 ||     4
Armor: Robe              |     4 |    10 ||    14
Dodge: Dodged            |    13 |    34 ||    47
